Map: Inside and Out

Players

Honker - Winner!

  • Race: Protoss Protoss
  • League: Master
  • Spawn Location: 1:00

Platypus

  • Race: Terran Terran
  • League: Master
  • Spawn Location: 7:00

VOD

Have the link to the VOD?

Description

Time

  • Played on: Jan. 1, 2023, 1:12 p.m.
  • Length: 5:23
Show
View Real Time Build Order
Export as new Build Order

Honker Protoss - Winner!

Build Orders:  

Get SALT Encoding   

  12  0:08  Pylon  
  12  0:13  Probe  
  13  0:27  Gateway  
  13  0:30  Probe (Chrono Boost)  
  14  0:40  Probe (Chrono Boost)  
  14  0:42  Assimilator  
  15  0:47  Probe  
  16  0:51  Assimilator  
  16  0:59  Probe  
  17  1:11  Probe  
  18  1:14  Cybernetics Core  
  18  1:23  Probe  
  19  1:26  Pylon  
  19  1:35  Probe  
  20  1:47  Probe, Stalker (Chrono Boost)  
  20  1:51  Robotics Facility  
  23  2:03  Shield Battery  
  23  2:10  Stalker  
  23  2:13  Warp Gate  
  25  2:35  Immortal (Chrono Boost), Pylon  
  25  2:43  Probe  
  30  3:04  Warp Prism (Chrono Boost)  
  32  3:18  Nexus  
  32  3:38  Immortal  
  36  3:48  Pylon  
  40  4:17  Immortal, Stalker  
  40  4:26  Gateway  
  40  4:27  Gateway  
  40  4:53  Probe  
  45  5:07  Stalker  
  45  5:11  Probe  
Show
View Real Time Build Order
Export as new Build Order

Platypus Terran 

Build Orders: Reaper Expand 

Get SALT Encoding   

  12  0:00  SCV  
  13  0:12  SCV  
  14  0:16  Supply Depot  
  14  0:24  SCV  
  15  0:38  Barracks, SCV  
  16  0:44  Refinery  
  16  0:50  SCV  
  17  1:02  SCV  
  18  1:14  SCV  
  19  1:26  Orbital Command  
  19  1:27  Reaper  
  20  1:40  Command Center  
  20  1:49  Supply Depot  
  20  1:53  SCV  
  21  2:04  Barracks Reactor  
  21  2:07  SCV  
  22  2:10  Barracks  
  22  2:19  Bunker, SCV  
  23  2:26  Barracks  
  23  2:35  SCV  
  24  2:41  Marine x2  
  26  2:47  SCV  
  27  2:54  Bunker  
  27  2:58  Marine  
  27  3:00  Marine  
  27  3:01  Marine  
  27  3:03  Orbital Command  
  30  3:18  Marine x4  
  34  3:21  Bunker  
  34  3:33  Bunker  
  33  3:38  Marine  
  33  3:39  Marine x2  
  33  3:40  Barracks Tech Lab  
  37  3:41  SCV x2  
  38  3:53  Supply Depot  
  38  3:55  Supply Depot  
  31  4:12  Marine x3  
  31  4:26  Marine  
  31  4:30  Marine  
  33  4:34  Marine  
  31  4:48  Marine x2  
Tags
 
Add a new tag
Caveats
  • Supply blocks, unpowered buildings, or Contaminate may cause inaccurate times.
  • Supply counts are checked every 10 seconds.